 Dungeon Crawl Stone Soup version 0.17.1-3-g152610e (webtiles) character file.

9904 Yevrel the Cleaver (level 11, -1/101 HPs)
             Began as a Minotaur Berserker on Mar 7, 2016.
             Was a High Priest of Trog.
             Slain by a 14-headed hydra (5 damage)
             ... on level 11 of the Dungeon.
             The game lasted 00:57:42 (10829 turns).

Yevrel the Cleaver (Minotaur Berserker)            Turns: 10829, Time: 00:57:42

Health: -1/101     AC: 20    Str: 25    XL:     11   Next: 29%
Magic:  10/10      EV: 11    Int:  4    God:    Trog [*****.]
Gold:   596        SH:  0    Dex: 15    Spells: 0 memorised, 10 levels left

rFire  . . .     SeeInvis .     x - +2 war axe
rCold  . . .     Clarity  .     P - +0 plate armour
rNeg   + . .     SustAt   +     (no shield)
rPois  .         Gourm    .     (helmet restricted)
rElec  .         Spirit   .     B - +2 cloak {MR+}
rCorr  .         Warding  +     G - +0 pair of gloves
rMut   .         Stasis   .     (no boots)
MR     +....                    t - amulet of warding
Stlth  ..........               A - ring of sustain attributes
                                p - +5 ring of dexterity

@: exhausted, slowed, very slow, somewhat resistant to hostile enchantments,
extremely unstealthy
A: retaliatory headbutt, horns 2
a: Berserk, Trog's Hand, Brothers in Arms, Burn Spellbooks, Renounce Religion


You were on level 11 of the Dungeon.
You worshipped Trog.
Trog was extremely pleased with you.
You were not hungry.

You visited 2 branches of the dungeon, and saw 12 of its levels.

You collected 596 gold pieces.

Inventory:

Hand Weapons
 a - a +0 hand axe
 x - a +2 war axe (weapon)
 z - a +0 battleaxe
 F - a +2 flail of draining
 O - a +2 antimagic great sword
Missiles
 c - 5 throwing nets
 g - 5 javelins of penetration
 q - 19 tomahawks (quivered)
Armour
 B - a +2 cloak of magic resistance (worn)
 G - a +0 pair of gloves (worn)
 P - a +0 plate armour (worn)
Jewellery
 d - an uncursed ring of protection from cold
 l - an uncursed amulet of stasis
 o - an uncursed amulet of regeneration
 p - a +5 ring of dexterity (left hand)
 r - an uncursed ring of protection from fire
 t - an amulet of warding (around neck)
 A - a ring of sustain attributes (right hand)
 S - a +3 ring of evasion
 Y - an uncursed ring of teleportation
Wands
 u - a wand of fire (1)
 y - a wand of magic darts (16)
 N - a wand of frost (19)
 R - a wand of lightning (9)
 U - a wand of lightning (4)
 W - a wand of cold (9)
Scrolls
 e - 3 scrolls of recharging
 v - a scroll of blinking
 D - a scroll of magic mapping
 H - a scroll of identify
 J - 3 scrolls of teleportation
Potions
 b - 4 potions of poison
 f - 2 potions of haste
 h - 2 potions of beneficial mutation
 j - a potion of lignification
 n - 12 potions of curing
 s - 2 potions of mutation
 w - a potion of berserk rage {unknown}
 E - a potion of heal wounds
 I - 2 potions of might
 K - a potion of cure mutation {unknown}
 L - 2 potions of ambrosia {unknown}
 T - a potion of flight {unknown}
Miscellaneous
 C - a plain deck of wonders
 V - a crystal ball of energy
Comestibles
 i - a meat ration
 k - 7 fruits
 m - 7 bread rations
 M - 3 slices of pizza
 Q - 3 beef jerkies


   Skills:
 + Level 10.9 Fighting
 + Level 12.6 Axes
 + Level 11.5 Armour
 + Level 7.2 Dodging
 - Level 1.3 Stealth


You had 10 spell levels left.
You didn't know any spells.

Dungeon Overview and Level Annotations

Branches:
Dungeon (11/15)            Temple (1/1) D:6            Lair (0/8) D:11
    Orc (0/4) D:10

Altars:
Ashenzari
Cheibriados
Dithmenos
Elyvilon
Fedhas
Gozag
Kikubaaqudgha
Makhleb
Nemelex Xobeh
Okawaru
Qazlal
Ru
Sif Muna
Trog
Vehumet
Xom
Yredelemnul
Zin
The Shining One

Shops:
D:8 =


Innate Abilities, Weirdness & Mutations

You reflexively headbutt those who attack you in melee.
You have a pair of horns on your head.


Message History

The 14-headed hydra bites you but does no damage.
The 14-headed hydra misses you.
The 14-headed hydra bites you but does no damage.
The 14-headed hydra misses you. The 14-headed hydra bites you.
* * * LOW HITPOINT WARNING * * *
The 14-headed hydra closely misses you. The 14-headed hydra bites you!
* * * LOW HITPOINT WARNING * * *
The 14-headed hydra bites you.
* * * LOW HITPOINT WARNING * * *
The 14-headed hydra bites you but does no damage. x2
The 14-headed hydra bites you.
* * * LOW HITPOINT WARNING * * *
The 14-headed hydra barely misses you.
The 14-headed hydra bites you but does no damage.
The 14-headed hydra bites you.
* * * LOW HITPOINT WARNING * * *
The 14-headed hydra closely misses you. The 14-headed hydra bites you.
* * * LOW HITPOINT WARNING * * *
The 14-headed hydra bites you.
You die...

.#...############.....###########
.#.........................#
.#.........................#
.#.................?.......#
.#...#######...............#
.#####.....................#
.....#.....................#
.#...#...>.................'
.#...#........[.@..........#
.#..)#######.....D.........
.#...'.....#...............
###'##.....#...............
#....#.....#...............
#.)..#.....#...............
#....#.....#...............
###..####..####...#######+# .....
#.........#


You could see a 14-headed hydra.

Vanquished Creatures
  3 hill giants
  A gargoyle (D:11)
  A centaur skeleton (D:10)
  2 trolls
  A yak (D:7)
  4 vampire mosquitoes (D:11)
  A human (D:7)
  A hungry ghost (D:10)
  A deep elf mage (D:11)
  A wyvern (D:9)
  3 hippogriffs
  2 sky beasts
  4 ice beasts
  4 orc warriors
  A wasp (D:10)
  2 black bears
  4 ogres
  7 centaurs
  8 giant frogs
  A gnoll sergeant (D:9)
  A big kobold (D:11)
  2 scorpions
  A wyvern skeleton (D:10)
  6 killer bees (D:11)
  13 wights
  3 crimson imps
  A centaur zombie (D:11)
  A giant frog skeleton (D:7)
  3 giant frog zombies
  3 jellies
  An orc priest (D:3)
  Crazy Yiuf (D:3)
  2 gnoll shamans
  3 quasits (D:10)
  11 orc wizards
  8 hounds
  5 worker ants
  A killer bee zombie (D:5)
  2 iguanas
  3 sheep (D:7)
  A hound skeleton (D:4)
  9 adders
  33 gnolls
  An adder zombie (D:8)
  2 oozes
  4 worms
  3 adder skeletons
  39 orcs
  8 bats
  7 goblins
  5 hobgoblins
  12 jackals
  12 kobolds
  4 quokkas
  2 ball pythons
  4 giant cockroaches
  A giant cockroach zombie (D:5)
  5 giant geckos
  2 jackal skeletons
  A quokka skeleton (D:6)
  9 rats
  A fungus (D:3)
288 creatures vanquished.

Vanquished Creatures (collateral kills)
  A hippogriff (D:10)
  An ogre (D:10)
  A centaur (D:10)
  A scorpion (D:10)
  A giant frog skeleton (D:10)
  A worker ant zombie (D:10)
  A shadow imp (D:7)
7 creatures vanquished.

Grand Total: 295 creatures vanquished

Notes
Turn   | Place    | Note
--------------------------------------------------------------
     0 | D:1      | Yevrel the Minotaur Berserker began the quest for the Orb.
     0 | D:1      | Reached XP level 1. HP: 19/19 MP: 0/0
   398 | D:1      | Reached XP level 2. HP: 27/27 MP: 1/1
   493 | D:1      | Reached skill level 4 in Fighting
   609 | D:1      | Reached ** piety under Trog
   849 | D:2      | Reached XP level 3. HP: 31/33 MP: 2/2
   991 | D:2      | Reached XP level 4. HP: 16/41 MP: 3/3
  1734 | D:2      | Found an opulent altar of Gozag.
  2340 | D:3      | Reached XP level 5. HP: 40/47 MP: 4/4
  2345 | D:3      | Reached *** piety under Trog
  2470 | D:3      | Reached skill level 5 in Axes
  2474 | D:3      | Reached skill level 5 in Fighting
  2480 | D:3      | Reached XP level 6. HP: 54/56 MP: 5/5
  2959 | D:3      | Noticed Crazy Yiuf
  2965 | D:3      | Killed Crazy Yiuf
  3041 | D:4      | Found a deep blue altar of Sif Muna.
  3205 | D:4      | Reached skill level 5 in Armour
  3223 | D:4      | Reached skill level 1 in Stealth
  3315 | D:4      | Found an ancient bone altar of Kikubaaqudgha.
  3498 | D:4      | Reached XP level 7. HP: 61/61 MP: 6/6
  3589 | D:4      | Reached **** piety under Trog
  3660 | D:5      | Entered Level 5 of the Dungeon
  3729 | D:5      | Received a gift from Trog
  3748 | D:5      | Reached skill level 6 in Axes
  3828 | D:5      | Reached skill level 5 in Dodging
  3836 | D:5      | HP: 3/94 [orc wizard/puff of frost (11)]
  4209 | D:5      | Reached XP level 8. HP: 63/70 MP: 7/7
  4302 | D:5      | Found a blossoming altar of Fedhas.
  4587 | D:6      | Reached skill level 7 in Axes
  4695 | D:6      | Found a shimmering altar of Xom.
  4703 | D:6      | Paralysed by a gnoll for 3 turns
  5075 | D:6      | Found a shattered altar of Ashenzari.
  5090 | D:6      | Reached skill level 8 in Axes
  5186 | D:6      | Found a staircase to the Ecumenical Temple.
  5201 | Temple   | Entered the Ecumenical Temple
  5590 | D:6      | Found a stormy altar of Qazlal.
  5691 | D:6      | Reached XP level 9. HP: 72/79 MP: 8/8
  5874 | D:7      | Found a shadowy altar of Dithmenos.
  6016 | D:7      | Found a shattered altar of Ashenzari.
  6175 | D:7      | Reached skill level 9 in Axes
  6611 | D:8      | Reached ***** piety under Trog
  6735 | D:8      | Found Miket's Jewellery Boutique.
  6741 | D:8      | Reached skill level 10 in Axes
  7480 | D:9      | Received a gift from Trog
  7532 | D:9      | Reached XP level 10. HP: 86/91 MP: 9/9
  8492 | D:10     | Entered Level 10 of the Dungeon
  8494 | D:10     | Found a staircase to the Orcish Mines.
  8581 | D:10     | Reached skill level 10 in Armour
  8645 | D:10     | Paralysed by a wasp for 1 turns
  8653 | D:10     | Paralysed by a wasp for 2 turns
  8975 | D:10     | Reached skill level 11 in Axes
  9108 | D:10     | Noticed a hill giant
  9170 | D:10     | Killed a hill giant
  9170 | D:10     | Reached skill level 10 in Fighting
  9931 | D:11     | Reached skill level 12 in Axes
  9931 | D:11     | Reached XP level 11. HP: 66/101 MP: 10/10
  9934 | D:11     | Noticed a hill giant
  9938 | D:11     | Noticed a hill giant
  9944 | D:11     | Killed a hill giant
  9950 | D:11     | Killed a hill giant
 10494 | D:11     | Found a staircase to the Lair.
 10807 | D:11     | Noticed an eight-headed hydra
 10824 | D:11     | HP: 6/151 [14-headed hydra (5)]
 10829 | D:11     | HP: 4/101 [14-headed hydra (4)]
 10829 | D:11     | Slain by a 14-headed hydra

Action                   |  1- 3 |  4- 6 |  7- 9 | 10-12 || total
-------------------------+-------+-------+-------+-------++-------
Melee: Hand axe          |    53 |   133 |    65 |       ||   251
       War axe           |       |       |   252 |   238 ||   490
Invok: Berserk           |     1 |     6 |     7 |     8 ||    22
       Burn Spellbooks   |       |       |     1 |     1 ||     2
       Brothers in Arms  |       |       |     1 |     1 ||     2
  Use: Scroll            |       |    10 |    16 |     5 ||    31
       Potion            |       |       |     2 |     1 ||     3
  Eat: Bread ration      |       |     3 |     2 |     1 ||     6
       Beef jerky        |       |       |     3 |       ||     3
       Pizza             |       |       |     1 |     6 ||     7
       Meat ration       |       |       |     1 |       ||     1
       Chunk             |       |       |     3 |     8 ||    11
       Fruit             |       |       |       |     1 ||     1
